 Dungeon Crawl Stone Soup version 0.18-a0-316-gf882de5 (webtiles) character file.

1411 xeno23 the Gusty (level 8, 0/57 HPs)
             Began as a Demigod Air Elementalist on Nov 27, 2015.
             Slain by a killer bee (8 damage)
             ... on level 6 of the Dungeon.
             The game lasted 00:23:43 (4324 turns).

xeno23 the Gusty (Demigod Air Elementalist)         Turns: 4324, Time: 00:23:43

Health: 0/57       AC:  4    Str: 15    XL:     8   Next: 19%
Magic:  7/19       EV: 12    Int: 19    God:
Gold:   24         SH:  0    Dex: 16    Spells: 4 memorised, 9 levels left

rFire  + . .     SeeInvis .     K - +3 rapier (venom)
rCold  + . .     Clarity  .     y - +0 robe {MR+}
rNeg   . . .     SustAt   +     (no shield)
rPois  .         Gourm    .     C - +0 helmet
rElec  .         Spirit   .     e - +0 cloak
rCorr  .         Warding  .     (no gloves)
rMut   .         Stasis   +     (no boots)
MR     +....                    a - amulet of stasis
Stlth  ++........               p - ring of protection from fire
                                O - ring of protection from cold

@: somewhat resistant to hostile enchantments, unstealthy
A: high mp 1, sustain attributes
a: no special abilities


You were on level 6 of the Dungeon.
You were not hungry.

You visited 2 branches of the dungeon, and saw 7 of its levels.

You collected 188 gold pieces.
You spent 164 gold pieces at shops.

Inventory:

Hand Weapons
 K - a +3 rapier of venom (weapon)
Missiles
 w - 5 javelins (quivered)
 M - 22 poisoned needles
Armour
 e - a +0 cloak (worn)
 t - a +0 plate armour
 x - a +0 scale mail
 y - a +0 robe of magic resistance (worn)
 C - a +0 helmet (worn)
Jewellery
 a - an amulet of stasis (around neck)
 i - an uncursed ring of flight
 p - a ring of protection from fire (right hand)
 q - an uncursed amulet of guardian spirit
 O - a ring of protection from cold (left hand)
Wands
 v - a wand of invisibility (5)
 I - a wand of teleportation (4)
Scrolls
 f - a scroll of immolation {unknown}
 g - 2 scrolls of enchant armour {unknown}
 n - 3 scrolls of magic mapping {unknown}
 o - a scroll of amnesia {unknown}
 s - 4 scrolls of remove curse
 A - 2 scrolls of fear
 B - a scroll of fog
 F - 8 scrolls of identify
 G - 3 scrolls of teleportation
 H - a scroll of noise {unknown}
 L - a scroll of enchant weapon {unknown}
Potions
 d - 3 potions of haste
 h - a potion of curing
 k - a potion of cancellation {unknown}
 l - a potion of degeneration {unknown}
 m - 3 potions of might
 r - a potion of lignification {unknown}
 u - a potion of agility {unknown}
 D - a potion of poison {unknown}
 E - 3 potions of mutation {unknown}
 J - a potion of flight {unknown}
Books
 b - a book of Air

   Spells                             Type                      Level
   a - Shock                          Conjuration/Air              1
   b - Swiftness                      Charms/Air                   2
   c - Repel Missiles                 Charms/Air                   2
   d - Static Discharge               Conjuration/Air              3
   e - Lightning Bolt                 Conjuration/Air              5
Comestibles
 c - 6 bread rations
 j - a beef jerky
 z - 2 fruits


   Skills:
 - Level 1.7 Dodging
 - Level 1.7 Stealth
 + Level 5.4 Spellcasting
 + Level 5.3 Conjurations
 + Level 6.1 Air Magic


You had 9 spell levels left.
You knew the following spells:

 Your Spells              Type           Power        Failure   Level  Hunger
a - Shock                 Conj/Air       ####         1%          1    None
b - Swiftness             Chrm/Air       ###.....     8%          2    None
q - Static Discharge      Conj/Air       ####....     3%          3    ##.....
r - Repel Missiles        Chrm/Air       ###...       8%          2    None


Dungeon Overview and Level Annotations

Branches:
Dungeon (6/15)             Temple (1/1) D:4

Shops:
D:4 ?   D:5 ?*}[:


Innate Abilities, Weirdness & Mutations

You have an increased reservoir of magic (+10% MP).
Your attributes are resistant to harm.


Message History

Confirm with . or Enter, or press ? or * to list all spells.
Aiming: Shock
Press: ? - help, Shift-Dir - straight line, f/p - hound
Aim: a hound (severely wounded)
The zap misses the killer bee.
The zap hits the hound.
You kill the hound!
The zap hits the scorpion.
The scorpion is heavily wounded.
The killer bee closely misses you. The killer bee stings you.
* * * LOW HITPOINT WARNING * * *
You take 5 damage.
Casting: Shock
Confirm with . or Enter, or press ? or * to list all spells.
Aiming: Shock
Press: ? - help, Shift-Dir - straight line, f - killer bee
Aim: a killer bee (almost dead)
The zap misses the killer bee.
The zap hits the scorpion.
The scorpion is almost dead.
The killer bee stings you!
You die...

##### #...#
####.#@# .
#..<.#y# ..
#.####.# ... #
#s#### .$..
###....##.....
#.............
......#....s...#
..........#....+
.#....#..!# ##.#


You could see a scorpion and a killer bee.

Vanquished Creatures
  Eustachio (D:5)
  Menkaure (D:5)
  An orc warrior (D:6)
  An ogre (D:5)
  A jelly (D:5)
  A scorpion (D:5)
  2 killer bees (D:6)
  2 crimson imps (D:5)
  A giant frog zombie (D:6)
  A wasp zombie (D:6)
  An orc priest (D:6)
  Ijyb (D:3)
  A hound (D:6)
  2 iguanas
  Jessica (D:3)
  5 worker ants
  5 orc wizards
  A hound zombie (D:5)
  A worker ant zombie (D:6)
  9 adders
  A gnoll (D:1)
  2 shadow imps (D:5)
  An adder skeleton (D:4)
  An adder zombie (D:6)
  3 worms
  13 orcs
  2 ball pythons
  7 bats
  A giant cockroach (D:1)
  18 hobgoblins
  7 jackals
  3 quokkas
  2 giant cockroach zombies
  3 giant geckos
  2 giant newts
  3 goblins (D:2)
  A jackal zombie (D:5)
  5 kobolds
  7 rats
121 creatures vanquished.

Notes
Turn   | Place    | Note
--------------------------------------------------------------
     0 | D:1      | xeno23 the Demigod Air Elementalist began the quest for the Orb.
     0 | D:1      | Reached XP level 1. HP: 14/14 MP: 5/5
    75 | D:1      | Reached skill level 1 in Conjurations
   257 | D:1      | Reached XP level 2. HP: 14/20 MP: 2/7
   314 | D:1      | Found an iron altar of Okawaru.
   348 | D:1      | Reached skill level 3 in Air Magic
   691 | D:1      | Reached XP level 3. HP: 26/26 MP: 5/9
   833 | D:2      | Found a basalt altar of Yredelemnul.
  1192 | D:2      | Learned a level 2 spell: Swiftness
  1195 | D:2      | Learned a level 2 spell: Repel Missiles
  1330 | D:2      | Reached XP level 4. HP: 30/33 MP: 4/11
  1573 | D:3      | Noticed Ijyb
  1583 | D:3      | Killed Ijyb
  1755 | D:3      | Reached XP level 5. HP: 26/38 MP: 2/12
  1761 | D:3      | Noticed Jessica
  1835 | D:3      | Killed Jessica
  2253 | D:4      | Found a staircase to the Ecumenical Temple.
  2262 | D:4      | Reached skill level 4 in Air Magic
  2271 | Temple   | Entered the Ecumenical Temple
  2435 | Temple   | Learned a level 3 spell: Static Discharge
  2596 | D:4      | Found Hener's Magic Scroll Shoppe.
  2610 | D:4      | Bought a scroll of identify for 28 gold pieces
  2610 | D:4      | Bought a scroll of identify for 28 gold pieces
  2610 | D:4      | Bought a scroll of fog for 28 gold pieces
  2795 | D:4      | Reached XP level 6. HP: 5/45 MP: 7/14
  3064 | D:5      | Entered Level 5 of the Dungeon
  3064 | D:5      | Found Movin's Assorted Antiques.
  3064 | D:5      | Noticed Eustachio
  3094 | D:5      | Found Tym Xae's Gadget Shop.
  3094 | D:5      | Noticed Menkaure
  3111 | D:5      | Found Asmib's Armour Shoppe.
  3129 | D:5      | Killed Menkaure
  3141 | D:5      | Bought a cursed +0 helmet for 15 gold pieces
  3164 | D:5      | Reached XP level 7. HP: 50/50 MP: 5/16
  3226 | D:5      | Found a sacrificial altar of Ru.
  3259 | D:5      | Reached skill level 5 in Air Magic
  3306 | D:5      | Killed Eustachio
  3395 | D:5      | Found Vipsilyvo's Magic Scroll Boutique.
  3478 | D:5      | Bought a scroll of teleportation for 30 gold pieces
  3478 | D:5      | Bought a scroll of fear for 35 gold pieces
  3608 | D:5      | Found Lollol's Book Emporium.
  3757 | D:6      | Reached skill level 5 in Spellcasting
  4118 | D:6      | Reached XP level 8. HP: 54/57 MP: 16/19
  4182 | D:6      | Reached skill level 5 in Conjurations
  4303 | D:6      | Reached skill level 6 in Air Magic
  4324 | D:6      | Slain by a killer bee

Vault maps used:
D:1:      lightli_arrival_quake, minmay_misc_feat_tiny, nrook_loot_triangle,
          okawaru_ov_weapons_minmay
D:2:      nicolae_overflow_crystal_walls, first_bread, corner_web_ring
D:3:      serial_bayou_ford_a, minmay_misc_feat_square, uniq_jessica, uniq_iyjb
D:4:      minmay_temple_entry_statues, serial_shops, shop, grunt_decor_fettered
D:5:      basic_altar, serial_shops,
          nicolae_shop_temple_entry_statues_fountains, nicolae_shop_crystal,
          shop, shop, shop, uniq_eustachio, uniq_menkaure
D:6:      basic_altar
Temple:   nicolae_temple_elliptical

Action                   |  1- 3 |  4- 6 |  7- 9 || total
-------------------------+-------+-------+-------++-------
Melee: Unarmed           |     7 |       |       ||     7
       Short sword       |    26 |    18 |    10 ||    54
       Mace              |     2 |     7 |       ||     9
       Rapier            |       |       |    17 ||    17
 Cast: Shock             |    76 |   118 |   103 ||   297
       Repel Missiles    |     1 |       |       ||     1
  Use: Scroll            |       |     5 |     1 ||     6
       Potion            |       |       |     2 ||     2
 Stab: Sleeping          |     1 |     1 |       ||     2
  Eat: Chunk             |     2 |     5 |     3 ||    10
       Fruit             |       |       |     1 ||     1
